 Dungeon Crawl Stone Soup version 0.21.1-1-g345015f (webtiles) character file.

294 Monsterracer the Ducker (level 6, 0/28 HPs)
             Began as a Felid Monk on Feb 6, 2018.
             Was a High Priest of Uskayaw.
             Slain by Eustachio
             ... wielding a +0 falchion
              (3 damage)
             ... on level 4 of the Dungeon.
             The game lasted 00:08:24 (4997 turns).

Monsterracer the Ducker (Felid Monk)                Turns: 4997, Time: 00:08:24

Health: 0/28       AC:  2    Str:  6 (7)  XL:     6   Next: 11%
Magic:  8/8        EV: 27    Int: 11      God:    Uskayaw [*****.]
Gold:   168        SH:  0    Dex: 23 (26) Spells: 5/5 levels left
                                        Lives:  0   Deaths: 1

rFire    . . .     SeeInvis +     - Unarmed
rCold    . . .     Gourm    .   (shield unavailable)
rNeg     . . .     Faith    .   (armour unavailable)
rPois    .         Spirit   .   (helmet unavailable)
rElec    .         Reflect  .   (cloak unavailable)
rCorr    .         Harm     .   (gloves unavailable)
MR       .....                  (boots unavailable)
Stlth    +++++.....             (no amulet)
HPRegen  0.09/turn              (no ring)
MPRegen  0.11/turn              (no ring)

@: agile, quick
A: very small, no armour, no weapons or thrown items, stealth, claws 1, fangs 3,
see invisible, carnivore, speed 1, shaggy fur 2, slow metabolism 1, sharp paws
a: Stomp, Line Pass, Grand Finale, Renounce Religion


You were on level 4 of the Dungeon.
You worshipped Uskayaw.
Uskayaw was noncommittal.
You were full.

You visited 1 branch of the dungeon, and saw 4 of its levels.

You collected 168 gold pieces.

Inventory:

Scrolls
 a - 4 scrolls of teleportation {unknown}
 b - 4 scrolls of identify {unknown}
 d - 2 scrolls of remove curse {unknown}
 g - 4 scrolls of blinking {unknown}
 h - a scroll of magic mapping {unknown}
 k - 4 scrolls of immolation {unknown}
 n - a scroll of enchant weapon {unknown}
 o - a scroll of fog {unknown}
Potions
 f - 2 potions of heal wounds
 j - a potion of degeneration
 m - a potion of brilliance {unknown}
Books
 l - a book of Callings

   Spells                             Type                      Level
   a - Summon Small Mammal            Summoning                    1
   b - Call Imp                       Summoning                    2
   c - Call Canine Familiar           Summoning                    3
   d - Summon Guardian Golem          Hexes/Summoning              3
   e - Summon Lightning Spire         Summoning/Air                4
   f - Summon Ice Beast               Ice/Summoning                4
Comestibles
 c - 5 rations


   Skills:
 + Level 4.1 Fighting
 + Level 5.5 Dodging
 + Level 5.0 Stealth
 * Level 5.1 Unarmed Combat
 + Level 1.7 Invocations


You had 5 spell levels left.
You didn't know any spells.

Dungeon Overview and Level Annotations

Branches:
Dungeon (4/15)
 Temple: D:4-7

Altars:
Ru
Uskayaw
Xom

Annotations:
D:4 Eustachio, Pikel


Innate Abilities, Weirdness & Mutations

You cannot wear armour.
You are incapable of wielding weapons or throwing items.
Your paws allow you to move quietly. (Stealth)
You have sharp claws.
You have razor-sharp teeth.
You have supernaturally acute eyesight. (SInv)
You are carnivorous and can eat meat at any time.
You cover ground quickly.
You are covered in thick fur. (AC +2)
You have a slow metabolism.
Your sharp claws are effective at attacking unaware monsters.


Message History

Your fur grows into a thick mane.
Unknown command.
What are your orders? t - Creak!
Orders for allies: a - Attack new target. r - Retreat! s - Stop attacking. g - Guard the area. f - Follow me.
Anything else - Cancel.
You creak for attention!
You hear a shout!
The leopard gecko barely misses you. The leopard gecko bites you.
* * * LOW HITPOINT WARNING * * *
You take 1 damage, and have 6/42 hp.
What are your orders? t - Creak!
Orders for allies: a - Attack new target. r - Retreat! s - Stop attacking. g - Guard the area. f - Follow me.
Anything else - Cancel.
You creak for attention!
You hear a shout!
The leopard gecko is no longer sharing its pain.
The leopard gecko bites you but does no damage.
A giant cockroach comes into view.
What are your orders? t - Creak!
Orders for allies: a - Attack new target. r - Retreat! s - Stop attacking. g - Guard the area. f - Follow me.
Anything else - Cancel.
You creak for attention!
The leopard gecko barely misses you. What are your orders? t - Creak!
Orders for allies: a - Attack new target. r - Retreat! s - Stop attacking. g - Guard the area. f - Follow me.
Anything else - Cancel.
You creak for attention!
The leopard gecko bites you but does no damage.
What are your orders? t - Creak!
Orders for allies: a - Attack new target. r - Retreat! s - Stop attacking. g - Guard the area. f - Follow me.
Anything else - Cancel.
You creak for attention!
Your transformation is almost over.
The leopard gecko bites you but does no damage.
Eustachio the Magnificent comes into view.
He is wielding a falchion.
What are your orders? t - Creak!
Orders for allies: a - Attack new target. r - Retreat! s - Stop attacking. g - Guard the area. f - Follow me.
Anything else - Cancel.
Okay, then.
You smack the leopard gecko!
You kill the leopard gecko!
Uskayaw prepares the audience for your solo!
You cannot move.
Eustachio is no longer paralysed.
The giant cockroach is no longer paralysed.
Eustachio hits you but does no damage.
You smack Eustachio!
Eustachio is moderately wounded.
The giant cockroach bites you but does no damage.
Eustachio barely misses you.
You hit Eustachio.
Eustachio is moderately wounded.
The giant cockroach bites you but does no damage.
Eustachio barely misses you.
You can now merge with and destroy a victim.
You hit Eustachio.
Eustachio is heavily wounded.
The giant cockroach barely misses you. Eustachio completely misses you.
You hit Eustachio but do no damage.
Eustachio is heavily wounded.
The giant cockroach bites you but does no damage.
The giant cockroach barely misses you.
MP restored: 8 You hit Eustachio.
Eustachio is heavily wounded.
Eustachio hits you with a falchion.
* * * LOW HITPOINT WARNING * * *
The giant cockroach bites you but does no damage.
You take 3 damage, and have 5/42 hp.
You barely miss Eustachio.
Eustachio is heavily wounded.
Eustachio mumbles some strange words.
The giant cockroach bites you but does no damage.
You barely miss Eustachio.
Eustachio is heavily wounded.
You feel less wooden. Eustachio completely misses you.
The giant cockroach bites you but does no damage.
You now have 3/28 hp.
You scratch Eustachio but do no damage.
Eustachio is heavily wounded.
The giant cockroach completely misses you.
Eustachio hits you with a falchion.
You die...

.# #..# #..# . #..# #
..## ..####.# ....
.......## #..###........
#....5@sK...######
##.###@#.##......######
# #.# ##...##.#..... #
#.# #.....#.#.###. #<
##.#.#.........# #.
#.##..#.#..<..#.#.###.
#.#........b............
#.............###.######
#..###.#.###..# #.# #.
#.#.# #..# #.. #


You could see Eustachio, Pikel, a shadow imp and a giant cockroach.

Vanquished Creatures
  Menkaure (D:4)
  A slave (D:3)
  A hound (D:4)
  2 orc wizards (D:3)
  An iguana (D:4)
  9 adders
  2 worms (D:2)
  A dart slug (D:1)
  6 leopard geckos
  12 orcs (D:3)
  8 bats
  5 giant cockroaches
  6 hobgoblins
  7 kobolds
  A ball python (D:1)
  6 frilled lizards
  10 goblins
  A jackal zombie (D:3)
  10 rats
  A butterfly (D:4)
91 creatures vanquished.

Notes
Turn   | Place    | Note
-------+----------+-------------------------------------------
     0 | D:1      | Monsterracer the Felid Monk began the quest for the Orb.
     0 | D:1      | Reached XP level 1. HP: 10/10 MP: 2/2
   131 | D:1      | HP: 3/10 [leopard gecko (5)]
   134 | D:1      | Reached XP level 2. HP: 5/14 MP: 3/3
  1166 | D:2      | Reached XP level 3. HP: 17/17 MP: 4/4
  1187 | D:2      | HP: 7/17 [goblin/stone (8)]
  1400 | D:2      | HP: 7/17 [adder (4)]
  1746 | D:2      | HP: 7/17 [worm (7)]
  1748 | D:2      | Reached XP level 4. HP: 9/21 MP: 5/5
  1994 | D:2      | HP: 10/21 [poisoned by an adder]
  2002 | D:2      | HP: 9/21 [poisoned by an adder]
  2379 | D:2      | HP: 8/21 [goblin/dagger (3)]
  2756 | D:3      | Found a hide-covered altar of Uskayaw.
  2760 | D:3      | Noticed a hand axe
  2761 | D:3      | Noticed a hand axe
  2765 | D:3      | Became a worshipper of Uskayaw the Reveler
  2765 | D:3      | Reached * piety under Uskayaw
  2783 | D:3      | Reached ** piety under Uskayaw
  2796 | D:3      | HP: 10/21 [poisoned by an adder]
  2810 | D:2      | HP: 10/21 [poisoned by an adder]
  2819 | D:2      | HP: 5/21 [poisoned by an adder]
  2820 | D:2      | HP: 1/21 [adder (4)]
  2835 | D:2      | HP: 10/21 [poisoned by an adder]
  2842 | D:2      | HP: 8/21 [poisoned by an adder]
  2849 | D:2      | HP: 6/21 [poisoned by an adder]
  2857 | D:2      | HP: 5/21 [poisoned by an adder]
  3127 | D:3      | Reached *** piety under Uskayaw
  3280 | D:3      | Reached XP level 5. HP: 24/24 MP: 6/6
  3619 | D:3      | Reached skill level 5 in Dodging
  4009 | D:3      | Found a sacrificial altar of Ru.
  4028 | D:3      | Reached skill level 1 in Invocations
  4161 | D:4      | Noticed a slave
  4161 | D:4      | Noticed a slave
  4163 | D:4      | Noticed a slave
  4164 | D:4      | Noticed Pikel
  4166 | D:4      | Noticed a slave
  4174 | D:3      | HP: 10/25 [slave[Pikel] (7)]
  4385 | D:3      | HP: 11/25 [slave[Pikel] (6)]
  4390 | D:3      | HP: 6/25 [slave[Pikel] (3)]
  4391 | D:3      | Killed a slave
  4653 | D:4      | HP: 9/25 [iguana (9)]
  4902 | D:4      | HP: 10/25 [Pikel/whip of freezing (3)]
  4902 | D:4      | HP: 3/25 [Pikel/whip of freezing (2)]
  4903 | D:4      | Mangled by Pikel
  4904 | D:4      | Reached XP level 4. HP: -7/22 MP: 5/5
  4936 | D:4      | Found a shimmering altar of Xom.
  4948 | D:4      | Reached XP level 5. HP: 25/25 MP: 6/6
  4962 | D:4      | Noticed Menkaure
  4979 | D:4      | HP: 16/37 [Menkaure (11)]
  4979 | D:4      | Reached **** piety under Uskayaw
  4980 | D:4      | HP: 6/37 [Menkaure (10)]
  4981 | D:4      | Killed Menkaure
  4981 | D:4      | Reached skill level 5 in Stealth
  4981 | D:4      | Reached skill level 5 in Unarmed Combat
  4981 | D:4      | Gained mutation: You are covered in thick fur. (AC +2) [Felid growth]
  4981 | D:4      | Reached XP level 6. HP: 7/28 MP: 6/8
  4987 | D:4      | Noticed Eustachio
  4991 | D:4      | Reached ***** piety under Uskayaw
  4994 | D:4      | HP: 5/42 [Eustachio/falchion (3)]
  4997 | D:4      | Slain by Eustachio

Skill      XL: |  1  2  3  4  5 |
---------------+----------------+-----
Stealth        | 3 4 5 |  5.0
Unarmed Combat | 4 5 |  5.1
Dodging        | 5 |  5.5
Invocations    | 1 |  1.7
Fighting       | 4 |  4.1

Action                   |  1- 3 |  4- 6 || total
-------------------------+-------+-------++-------
Melee: Unarmed           |   117 |   217 ||   334
       Punch             |     2 |     4 ||     6
       Bite              |    12 |    18 ||    30
Invok: Stomp             |       |     3 ||     3
  Use: Potion            |     1 |     5 ||     6
 Stab: Sleeping          |     6 |    12 ||    18
       Paralysed         |       |     3 ||     3
  Eat: Chunk             |     9 |     8 ||    17
Armor: Skin              |     7 |    23 ||    30
Dodge: Dodged            |    95 |   165 ||   260

Vault maps used:
D:1:      minmay_arrival_doors
D:2:      minmay_misc_feat_encased, minmay_pentomino_w4
D:3:      nicolae_ru_great_annihilating_truth, dancing_weapons_uskayaw
D:4:      xom_butterflies, nicolae_dithmenos_through_a_glass_darkly,
          first_ration, fedhas_altar_3, uniq_eustachio, uniq_pikel,
          uniq_menkaure
